 Dungeon Crawl Stone Soup version 0.19.1 (webtiles) character file.

161 empire the Stinger (level 5, 0/35 HPs)
             Began as a Formicid Venom Mage on Dec 23, 2016.
             Slain by dscm's ghost (6 damage)
             ... on level 3 of the Dungeon.
             The game lasted 00:09:42 (4855 turns).

empire the Stinger (Formicid Venom Mage)            Turns: 4855, Time: 00:09:42

Health: 0/35       AC:  4    Str: 13    XL:     5   Next: 70%
Magic:  8/8        EV: 11    Int: 15    God:
Gold:   128        SH:  0    Dex: 11    Spells: 1 memorised, 7 levels left

rFire  . . .     SeeInvis +     a - +0 short sword
rCold  . . .     Gourm    .     Z - +0 robe
rNeg   . . .     Faith    .     (no shield)
rPois  .         Spirit   .     (helmet unavailable)
rElec  .         Reflect  .     X - +0 cloak
rCorr  .         Harm     .     Q - +0 pair of gloves
MR     +....                    (no boots)
Stlth  +.........               (no amulet)
                                (no ring)
                                g - ring of protection from magic

@: confused, heavily drained
A: permanent stasis, dig shafts and tunnels, four strong arms, antennae 3
a: Dig, Shaft Self


You were on level 3 of the Dungeon.
You were not hungry.

You visited 1 branch of the dungeon, and saw 3 of its levels.

You collected 128 gold pieces.

Inventory:

Hand Weapons
 a - a +0 short sword (weapon)
 q - a +0 mace of draining
Missiles
 n - 38 arrows
 t - 41 poisoned needles
Armour
 l - a +0 leather armour
 Q - a +0 pair of gloves (worn)
 X - a +0 cloak (worn)
 Z - a +0 robe (worn)
Jewellery
 g - a ring of protection from magic (left hand)
 r - an uncursed amulet of harm
Scrolls
 d - a scroll of identify {unknown}
 e - a scroll of remove curse
 j - a scroll of teleportation {unknown}
 k - 3 scrolls of recharging
Potions
 h - 2 potions of agility {unknown}
 i - a potion of curing {unknown}
 m - a potion of brilliance {unknown}
 o - 3 potions of mutation {unknown}
 p - a potion of haste
Books
 b - a Young Poisoner's Handbook

   Spells                             Type                      Level
   a - Sting                          Conjuration/Poison           1
   b - Mephitic Cloud                 Conjuration/Poison/Air       3
   c - Olgreb's Toxic Radiance        Poison                       4
   d - Alistair's Intoxication        Transmutation/Poison         5
   e - Venom Bolt                     Conjuration/Poison           5
Comestibles
 c - 2 bread rations
 f - 4 meat rations
 s - a chunk of flesh


   Skills:
 - Level 1.7(0.0) Dodging
 - Level 2.4(0.5) Stealth
 - Level 2.1(0.3) Spellcasting
 * Level 4.4(2.5) Conjurations
 - Level 5.3(3.2) Poison Magic


You had 7 spell levels left.
You knew the following spells:

 Your Spells              Type           Power        Failure   Level  Hunger
a - Sting                 Conj/Pois      #...         12%         1    ##.....


Dungeon Overview and Level Annotations

Branches:
Dungeon (3/15)

Altars:
Ashenzari
Gozag
Hepliaklqana
Ru

Annotations:
D:3 Grinder; Sigmund; dscm's ghost, amateur OpFi


Innate Abilities, Weirdness & Mutations

You are under a permanent stasis effect.
You can dig through walls and to a lower floor.
Your four strong arms can wield two-handed weapons with a shield.
You have a pair of large antennae on your head. (SInv)


Message History

Dscm's ghost says, "Death is but another step down the path of knowledge."
Dscm's ghost hits you but does no damage.
Grinder blinks!
Dscm's ghost hits you.
Grinder blinks!
A quokka and Sigmund come into view.
Sigmund shouts!
Sigmund gestures wildly while chanting.
Sigmund flickers and vanishes for a moment.
Sigmund barely misses you. The quokka bites you. Sigmund casts a spell at you.
The puff of flame misses you.
Dscm's ghost says, "Death is but another step down the path of knowledge."
Sigmund casts a spell at you.
You are confused.
Sigmund hits you from afar with a scythe!
* * * LOW HITPOINT WARNING * * *
The quokka bites you but does no damage.
Dscm's ghost hits you.
You die...

#...###### #........#
#....#.. .....
#........# #....##.
....## ##########
#.....## ....#
####.... ....#########
##.##
....#.......######
#..#
....#.###........#
#...
#.......#......r.#
#...
†.....#.#.....@W@#
#...
#.###.#.#............#
######... ..# ..#
###'###......#
#........ ### #.. #.#
#......# #........
##.. #.# #......#
#........ ..# #.#
#......# #.......# ..#
#.# #......# #.......#
#.# #......# #########
#


You could see Sigmund (invisible), dscm's ghost and a quokka.

Vanquished Creatures
  A hound (D:2)
  6 adders
  5 worms
  3 leopard geckos
  2 orcs (D:3)
  5 bats
  5 giant cockroaches
  8 hobgoblins
  4 kobolds
  2 quokkas
  3 frilled lizards
  8 goblins
  9 rats
61 creatures vanquished.

Notes
Turn   | Place    | Note
-------+----------+-------------------------------------------
     0 | D:1      | empire the Formicid Venom Mage began the quest for the Orb.
     0 | D:1      | Reached XP level 1. HP: 13/13 MP: 3/3
    53 | D:1      | Reached skill level 1 in Conjurations
   101 | D:1      | Reached XP level 2. HP: 8/19 MP: 0/5
   572 | D:1      | Found a shattered altar of Ashenzari.
   991 | D:1      | Reached XP level 3. HP: 11/24 MP: 1/6
  1880 | D:2      | Reached XP level 4. HP: 27/30 MP: 7/7
  2944 | D:2      | Found a sacrificial altar of Ru.
  3028 | D:2      | Found a faded altar of an unknown god.
  3028 | D:2      | Found an opulent altar of Gozag.
  3034 | D:2      | Found a faded altar of an unknown god.
  3036 | D:2      | Found a faded altar of an unknown god.
  3037 | D:2      | Found a faded altar of an unknown god.
  3265 | D:3      | Found a hazy altar of Hepliaklqana.
  3273 | D:3      | Reached XP level 5. HP: 35/35 MP: 5/8
  3894 | D:3      | Noticed Grinder
  4495 | D:3      | Found a faded altar of an unknown god.
  4836 | D:3      | Noticed dscm's ghost (amateur OpFi)
  4846 | D:3      | Noticed Sigmund
  4855 | D:3      | Slain by dscm's ghost

Skill      XL: |  1  2  3  4  5 |
---------------+----------------+-----
Conjurations   | 1 2 3 4 |  4.4
Dodging        | |  1.7
Stealth        | |  2.4
Spellcasting   | |  2.1
Poison Magic   | |  5.3

Action                   |  1- 3 |  4- 6 || total
-------------------------+-------+-------++-------
Melee: Unarmed           |    31 |       ||    31
       Short sword       |    17 |   119 ||   136
 Cast: Sting             |    52 |    88 ||   140
  Use: Potion            |       |     1 ||     1
       Scroll            |       |     2 ||     2
 Stab: Sleeping          |       |     1 ||     1
  Eat: Chunk             |     4 |     9 ||    13
       Meat ration       |       |     1 ||     1
Armor: Robe              |    22 |    46 ||    68
Dodge: Dodged            |    57 |   104 ||   161
